TOP OF THE 1ST |
Lee's Summit Tigers batting - Pitching for Plumstead Eagles : RHP Gilberto Ramírez
|
Pitching: RHP Gilberto Ramírez
|
|
Batting: LHB José Guerrero
|
0-0: SINGLE (Groundball, 25) (infield hit)
|
Batting: RHB Tommy Smith
|
0-0: Ball 1-0: Ball 2-0: Ball 3-0: Base on Balls José Guerrero to second
|
Batting: RHB José Deleón
|
0-0: Ball 1-0: Foul Ball, location: 2F 1-1: Ball 2-1: Foul Ball, location: 2F 2-2: Ball 3-2: Base on Balls José Guerrero to third Tommy Smith to second
|
Batting: LHB Travis Jefferson
|
0-0: Ball 1-0: Foul Ball, location: 2F 1-1: Swinging Strike 1-2: Strikes out swinging
|
Batting: RHB Juan Rodríguez
|
0-0: Called Strike 0-1: Ball 1-1: Foul Ball, location: 2F 1-2: Ball 2-2: Ground out 5-3 (Groundball, 56S) José Guerrero scores Tommy Smith to third José Deleón to second
|
Batting: RHB Stephen Segura
|
0-0: Ball 1-0: Fly out, F8 (Flyball, 78D)
|
Top of the 1st over - 1 run, 1 hit, 0 errors, 2 left on base; Lee's Summit 1 - Plumstead 0 |
BOTTOM OF THE 1ST |
Plumstead Eagles batting - Pitching for Lee's Summit Tigers : RHP José Medellín
|
Pitching: RHP José Medellín
|
|
Batting: LHB Mauro López
|
0-0: Ball 1-0: Called Strike 1-1: Ground out 6-3 (Groundball, 6MS)
|
Batting: RHB Wayne Workman
|
0-0: Swinging Strike 0-1: Ball 1-1: Swinging Strike 1-2: Strikes out swinging
|
Batting: LHB Conan Bush
|
0-0: Ball 1-0: Called Strike 1-1: Ball 2-1: Ground out 4-3 (Groundball, 4)
|
Bottom of the 1st over - 0 runs, 0 hits, 0 errors, 0 left on base; Lee's Summit 1 - Plumstead 0 |
TOP OF THE 2ND |
Lee's Summit Tigers batting - Pitching for Plumstead Eagles : RHP Gilberto Ramírez
|
Batting: LHB Chris Gibson
|
0-0: Bunted foul 0-1: Ground out 6-3 (Groundball, 56)
|
Batting: LHB António Bonaccorsi
|
0-0: Called Strike 0-1: SINGLE (Groundball, 56) (infield hit)
|
Batting: RHB John Arnold
|
0-0: Ball António Bonaccorsi is caught stealing 2nd base 1-0: Ball 2-0: Foul Ball, location: 2F 2-1: Fly out, F8 (Line Drive, 78D)
|
Top of the 2nd over - 0 runs, 1 hit, 0 errors, 0 left on base; Lee's Summit 1 - Plumstead 0 |
BOTTOM OF THE 2ND |
Plumstead Eagles batting - Pitching for Lee's Summit Tigers : RHP José Medellín
|
Batting: SHB José Rincón
|
0-0: Ball 1-0: Ball 2-0: Fly out, F9 (Flyball, 89S)
|
Batting: LHB Joe Rutherford
|
0-0: Ball 1-0: Ball 2-0: Ground out 5-3 (Groundball, 5L)
|
Batting: RHB José Gonzáles
|
0-0: Ground out 2-3 (Groundball, 2L)
|
Bottom of the 2nd over - 0 runs, 0 hits, 0 errors, 0 left on base; Lee's Summit 1 - Plumstead 0 |
TOP OF THE 3RD |
Lee's Summit Tigers batting - Pitching for Plumstead Eagles : RHP Gilberto Ramírez
|
Batting: LHB José Guerrero
|
0-0: SINGLE (Groundball, 3D)
|
Batting: RHB Tommy Smith
|
0-0: Fly out, F9 (Flyball, 89S)
|
Batting: RHB José Deleón
|
0-0: Ball 1-0: Foul Ball, location: 2F 1-1: Ball 2-1: Fly out, F9 (Flyball, 9S)
|
Batting: LHB Travis Jefferson
|
0-0: Called Strike 0-1: Ball 1-1: Ball 2-1: Fly out, F8 (Flyball, 8LS)
|
Top of the 3rd over - 0 runs, 1 hit, 0 errors, 1 left on base; Lee's Summit 1 - Plumstead 0 |
BOTTOM OF THE 3RD |
Plumstead Eagles batting - Pitching for Lee's Summit Tigers : RHP José Medellín
|
Batting: RHB Larry Johnson
|
0-0: Ball 1-0: Ball 2-0: Ball 3-0: Called Strike 3-1: SINGLE (Line Drive, 9LS)
|
Batting: LHB José Marín
|
0-0: Called Strike 0-1: Ball 1-1: Ball 2-1: Ball 3-1: Ground out 4-3 (Groundball, 4MS) Larry Johnson to second
|
Batting: LHB António Álvarez
|
0-0: Ball 1-0: Called Strike 1-1: Foul Ball, location: 2F 1-2: Strikes out looking
|
Batting: LHB Mauro López
|
0-0: Ball 1-0: Swinging Strike 1-1: Ball 2-1: Fly out, F7 (Line Drive, 78M)
|
Bottom of the 3rd over - 0 runs, 1 hit, 0 errors, 1 left on base; Lee's Summit 1 - Plumstead 0 |
TOP OF THE 4TH |
Lee's Summit Tigers batting - Pitching for Plumstead Eagles : RHP Gilberto Ramírez
|
Batting: RHB Juan Rodríguez
|
0-0: Fly out, F7 (Flyball, 78D)
|
Batting: RHB Stephen Segura
|
0-0: Ball 1-0: Swinging Strike 1-1: Ball 2-1: Foul Ball, location: 2F 2-2: Ball 3-2: Base on Balls
|
Batting: LHB Chris Gibson
|
0-0: Foul Ball, location: 2F 0-1: 2-RUN HOME RUN (Flyball, 9LD), Distance : 380 ft
|
Batting: LHB António Bonaccorsi
|
0-0: Called Strike 0-1: Called Strike 0-2: Foul Ball, location: 2F 0-2: Ball 1-2: Foul Ball, location: 2F 1-2: Ball 2-2: Ball 3-2: Base on Balls
|
Batting: RHB John Arnold
|
0-0: Ball 1-0: Ball 2-0: Called Strike 2-1: Called Strike 2-2: Strikes out swinging
|
Batting: LHB José Guerrero
|
0-0: Called Strike António Bonaccorsi is caught stealing 2nd base
|
Top of the 4th over - 2 runs, 1 hit, 0 errors, 0 left on base; Lee's Summit 3 - Plumstead 0 |
BOTTOM OF THE 4TH |
Plumstead Eagles batting - Pitching for Lee's Summit Tigers : RHP José Medellín
|
Batting: RHB Wayne Workman
|
0-0: Ball 1-0: Ball 2-0: Fly out, F7 (Line Drive, 7)
|
Batting: LHB Conan Bush
|
0-0: Called Strike 0-1: Ball 1-1: Ball 2-1: Ball 3-1: Called Strike 3-2: Strikes out swinging
|
Batting: SHB José Rincón
|
0-0: Called Strike 0-1: Swinging Strike 0-2: Ball 1-2: Ball 2-2: Foul Ball, location: 2F 2-2: Ball 3-2: Base on Balls
|
Batting: LHB Joe Rutherford
|
0-0: Ball 1-0: SINGLE (Groundball, 4MD) José Rincón to second Runner from 2nd tries for 3rd, SAFE, no throw
|
Batting: RHB José Gonzáles
|
0-0: Called Strike 0-1: Fly out, F7 (Line Drive, 7)
|
Bottom of the 4th over - 0 runs, 1 hit, 0 errors, 2 left on base; Lee's Summit 3 - Plumstead 0 |
TOP OF THE 5TH |
Lee's Summit Tigers batting - Pitching for Plumstead Eagles : RHP Gilberto Ramírez
|
Batting: LHB José Guerrero
|
0-0: Ball 1-0: Hit by Pitch
|
Pitching: RHP Davis Morgan
|
|
Batting: RHB Tommy Smith
|
0-0: Grounds into double play, 6-4-3 (Groundball, 6D)
|
Batting: RHB José Deleón
|
0-0: Called Strike 0-1: Ball 1-1: Called Strike 1-2: Strikes out swinging
|
Top of the 5th over - 0 runs, 0 hits, 0 errors, 0 left on base; Lee's Summit 3 - Plumstead 0 |
BOTTOM OF THE 5TH |
Plumstead Eagles batting - Pitching for Lee's Summit Tigers : RHP José Medellín
|
Batting: RHB Larry Johnson
|
0-0: Ball 1-0: Foul Ball, location: 2F 1-1: Swinging Strike 1-2: Strikes out swinging
|
Batting: LHB José Marín
|
0-0: Ball 1-0: Ball 2-0: Ball 3-0: Base on Balls
|
Batting: LHB António Álvarez
|
0-0: Foul Ball, location: 2F 0-1: Foul Ball, location: 2F 0-2: Ball 1-2: Strikes out swinging
|
Batting: LHB Mauro López
|
0-0: Ball José Marín steals 2nd base 1-0: Foul Ball, location: 2F 1-1: Ball 2-1: SINGLE (Groundball, 4MD) José Marín to third Runner from 3rd tries for Home, SAFE, no throw
|
Batting: RHB Wayne Workman
|
0-0: Ball Mauro López is caught stealing 2nd base
|
Bottom of the 5th over - 1 run, 1 hit, 0 errors, 0 left on base; Lee's Summit 3 - Plumstead 1 |
TOP OF THE 6TH |
Lee's Summit Tigers batting - Pitching for Plumstead Eagles : RHP Davis Morgan
|
Batting: LHB Travis Jefferson
|
0-0: Foul Ball, location: 2F 0-1: Ball 1-1: Ground out 4-3 (Groundball, 4)
|
Batting: RHB Juan Rodríguez
|
0-0: Ball 1-0: Swinging Strike 1-1: Called Strike 1-2: Strikes out swinging
|
Batting: RHB Stephen Segura
|
0-0: Called Strike 0-1: Fly out, F3 (Line Drive, 3)
|
Top of the 6th over - 0 runs, 0 hits, 0 errors, 0 left on base; Lee's Summit 3 - Plumstead 1 |
BOTTOM OF THE 6TH |
Plumstead Eagles batting - Pitching for Lee's Summit Tigers : RHP José Medellín
|
Batting: RHB Wayne Workman
|
0-0: Ball 1-0: Ball 2-0: Ball 3-0: Base on Balls
|
Batting: LHB Conan Bush
|
0-0: Ball 1-0: Called Strike 1-1: Swinging Strike 1-2: Ball 2-2: Ball Wayne Workman steals 2nd base 3-2: Base on Balls
|
Pitching: RHP Francisco Ramírez
|
|
Batting: SHB José Rincón
|
0-0: Foul Ball, location: 2F 0-1: Ball 1-1: Foul Ball, location: 2F 1-2: Ball 2-2: Ball 3-2: SINGLE (Groundball, 4MD) Wayne Workman to third Conan Bush to second Runner from 3rd tries for Home, SAFE, throw made home
|
Batting: LHB Joe Rutherford
|
0-0: Called Strike 0-1: Called Strike 0-2: Foul Ball, location: 2F 0-2: Ball 1-2: Ball 2-2: Strikes out looking
|
Batting: RHB José Gonzáles
|
0-0: Called Strike 0-1: SINGLE (Line Drive, 4MD) Conan Bush to third José Rincón to second
|
Batting: RHB Larry Johnson
|
0-0: Ball 1-0: Grounds into fielders choice 6-2 (Groundball, 56) José Rincón to third José Gonzáles to second
|
Batting: LHB José Marín
|
0-0: Called Strike 0-1: Foul Ball, location: 2F 0-2: Ball 1-2: Strikes out swinging
|
Bottom of the 6th over - 1 run, 2 hits, 0 errors, 3 left on base; Lee's Summit 3 - Plumstead 2 |
TOP OF THE 7TH |
Lee's Summit Tigers batting - Pitching for Plumstead Eagles : RHP Davis Morgan
|
Batting: LHB Chris Gibson
|
0-0: Ball 1-0: Foul Ball, location: 2F 1-1: Ball 2-1: Swinging Strike 2-2: Ground out 1-3 (Groundball, P)
|
Batting: LHB António Bonaccorsi
|
0-0: Ball 1-0: Called Strike 1-1: Ball 2-1: Foul Ball, location: 2F 2-2: Foul Ball, location: 2F 2-2: Hit by Pitch
|
Batting: RHB John Arnold
|
0-0: Ball 1-0: Ball 2-0: Ground out U3 (Groundball, 34S) António Bonaccorsi to second
|
Batting: LHB José Guerrero
|
0-0: Ground out 6-3 (Groundball, 6)
|
Top of the 7th over - 0 runs, 0 hits, 0 errors, 1 left on base; Lee's Summit 3 - Plumstead 2 |
BOTTOM OF THE 7TH |
Plumstead Eagles batting - Pitching for Lee's Summit Tigers : RHP Francisco Ramírez
|
Pitching: RHP Christiano Bray
|
|
Batting: LHB António Álvarez
|
0-0: Ball 1-0: Called Strike 1-1: Swinging Strike 1-2: Foul Ball, location: 2F 1-2: Ball 2-2: Ball 3-2: Fly out, F7 (Flyball, 78S)
|
Batting: LHB Mauro López
|
0-0: Called Strike 0-1: Swinging Strike 0-2: Strikes out swinging
|
Batting: RHB Wayne Workman
|
0-0: Foul Ball, location: 2F 0-1: Swinging Strike 0-2: Ground out 1-3 (Groundball, P)
|
Bottom of the 7th over - 0 runs, 0 hits, 0 errors, 0 left on base; Lee's Summit 3 - Plumstead 2 |
TOP OF THE 8TH |
Lee's Summit Tigers batting - Pitching for Plumstead Eagles : RHP Davis Morgan
|
Pitching: LHP José López
|
|
Batting: RHB Tommy Smith
|
0-0: Ball 1-0: Foul Ball, location: 2F 1-1: Ground out 6-3 (Groundball, 6)
|
Batting: RHB José Deleón
|
0-0: Ball 1-0: Called Strike 1-1: Ball 2-1: Ball 3-1: Swinging Strike 3-2: Base on Balls
|
Pinch Runner at 1st Claudio Jiménez:
|
|
Batting: LHB Travis Jefferson
|
0-0: Ball Throwing error on steal attempt, E2 Claudio Jiménez to third 1-0: Ball 2-0: Ball 3-0: Base on Balls
|
Batting: RHB Juan Rodríguez
|
0-0: Called Strike 0-1: Ball 1-1: Ball 2-1: Ball 3-1: Foul Ball, location: 2F 3-2: Base on Balls Travis Jefferson to second
|
Batting: RHB Stephen Segura
|
0-0: Foul Ball, location: 2F 0-1: Called Strike 0-2: Ball 1-2: Ball 2-2: Fly out, F4 (Line Drive, 4) Lined into DP, 4-6 (Line Drive, 4)
|
Top of the 8th over - 0 runs, 0 hits, 1 error, 2 left on base; Lee's Summit 3 - Plumstead 2 |
BOTTOM OF THE 8TH |
Plumstead Eagles batting - Pitching for Lee's Summit Tigers : RHP Christiano Bray
|
Now in RF: Claudio Jiménez
|
|
Batting: LHB Conan Bush
|
0-0: Fly out, F8 (Flyball, 8LD)
|
Batting: SHB José Rincón
|
0-0: Foul Ball, location: 2F 0-1: Ball 1-1: Ground out U3 (Groundball, 3L)
|
Batting: LHB Joe Rutherford
|
0-0: Called Strike 0-1: Ball 1-1: Called Strike 1-2: Fly out, F4 (Line Drive, 4)
|
Bottom of the 8th over - 0 runs, 0 hits, 0 errors, 0 left on base; Lee's Summit 3 - Plumstead 2 |
TOP OF THE 9TH |
Lee's Summit Tigers batting - Pitching for Plumstead Eagles : LHP José López
|
Pitching: RHP Michael Knight
|
|
Batting: LHB Chris Gibson
|
0-0: Called Strike 0-1: Called Strike 0-2: Ball 1-2: Foul Ball, location: 2F 1-2: Ball 2-2: Ball 3-2: Strikes out swinging
|
Batting: LHB António Bonaccorsi
|
0-0: Foul Ball, location: 2F 0-1: Ball 1-1: Foul Ball, location: 2F 1-2: Ball 2-2: Strikes out swinging
|
Batting: RHB John Arnold
|
0-0: Called Strike 0-1: Foul Ball, location: 2F 0-2: Fly out, F7 (Line Drive, 7)
|
Top of the 9th over - 0 runs, 0 hits, 0 errors, 0 left on base; Lee's Summit 3 - Plumstead 2 |
BOTTOM OF THE 9TH |
Plumstead Eagles batting - Pitching for Lee's Summit Tigers : RHP Christiano Bray
|
Pinch Hitting: LHB Roberto Rodríguez
|
0-0: Ball 1-0: Foul Ball, location: 2F 1-1: Foul Ball, location: 2F 1-2: Reached on error, E9 (Flyball, 9S)
|
Pinch Hitting: SHB Joaquín Gilera
|
0-0: Ball 1-0: Sac Bunt - play at first, batter OUT! 1-4 Roberto Rodríguez to second
|
Batting: LHB José Marín
|
0-0: Ball 1-0: Foul Ball, location: 2F 1-1: Ball 2-1: Ground out 5-3 (Groundball, 56)
|
Pinch Hitting: LHB Chris Hutchison
|
0-0: Ball 1-0: Called Strike 1-1: Ball 2-1: Ball 3-1: Foul Ball, location: 2F 3-2: Foul Ball, location: 2F 3-2: Fly out, F7 (Line Drive, 7LM)
|
Bottom of the 9th over - 0 runs, 0 hits, 1 error, 1 left on base; Lee's Summit 3 - Plumstead 2 |
|